Avalanches vs Blues

Created - 26 février 2022 at 16:13

Goals
1 2 3 T
Avalanches 1 1 1 3
Blues 1 1 0 2
Shots
1 2 3 T
Avalanches 13 6 3 22
Blues 15 15 15 45

GoalsPenalties
1st period
1. Blues , Roman Polak 2 (Mikael Granlund 25, Micheal Ferland 1) at 7:19
2. Avalanches , Blake Wheeler 20 (T.J. Oshie 31, Erik Gustafsson 15) at 13:40 (PP)
Erik Gustafsson (COL) for Roughing (Minor) at 0:59
Roman Polak (STL) for Cross-checking (Minor) at 5:10
Calvin de Haan (STL) for High sticking (Double Minor) at 11:26
Jeff Petry (COL) for Hooking (Minor) at 15:24
Nick Foligno (COL) for Hooking (Minor) at 18:05
2nd period
3. Blues , Alex DeBrincat 19 (Nick Bjugstad 9) at 9:34 (PP)
4. Avalanches , T.J. Oshie 25 (Blake Wheeler 41, Brad Hunt 4) at 10:24
Erik Gustafsson (COL) for Hooking (Minor) at 9:22
T.J. Oshie (COL) for Interference (Minor) at 14:24
3rd period
5. Avalanches , T.J. Oshie 26 (Alex Goligoski 39, Derek Ryan 22) at 15:21
Jamie Oleksiak (COL) for Delaying the game (Minor) at 9:51
Erik Gustafsson (COL) for Hooking (Minor) at 11:44
Goalie Stats
Robin Lehner (COL), 43 saves from 45 shots - (0,956), W, 27-21-4, 60:00 minutes
Thomas Greiss (STL), 19 saves from 22 shots - (0,864), L, 11-12-4, 59:27 minutes
3 StarsOfficial
1 - T.J. Oshie (COL)
2 - Robin Lehner (COL)
3 - Blake Wheeler (COL)
Referees : Wes McCauley and Kevin Pollock
Linesman : Andy McElman and Derek Amell
Game Note
No Game Note



Team Name Goals Shots Shots Attemp Shots Blocked PIM HIT PP PK FO%
Avalanches 322441314271 / 3 (33%)151%
Blues 2459296181 / 7 (14%)149%

Avalanches
Player Name POS G A P +/- PIM HIT SHT SB MP PP MP PP SHT PK MP PK SHT FO% FOT
Alex GoligoskiD0111010324:572:3305:5900% 0
Blake WheelerC/RW1122013017:122:5510:2200% 0
Brad HuntD0110021424:041:4016:2700% 0
Carl SoderbergC/LW0000020010:390:0006:05047% 19
Colin WilsonC/LW/RW000-1002015:101:1810:0000% 0
Derek RyanC/RW0112002022:192:5515:29053% 34
Erik GustafssonD0110690021:471:4004:1200% 0
Jamie OleksiakD0000211013:080:0001:4400% 0
Jeff CarterC/LW0000011111:260:0000:00060% 10
Jeff PetryD0001230324:202:3305:2300% 0
Joel ArmiaRW000-1011020:431:1805:330100% 1
John MooreD0000000011:390:0000:1400% 0
Justin WilliamsRW000000004:340:0000:000100% 1
Mattias JanmarkC/LW/RW0000001217:510:0006:250100% 1
Nick FolignoC/LW/RW000-1233015:091:1810:00033% 18
Riley NashC/RW000001104:340:0000:00050% 2
Ryan DonatoC/LW0000012011:260:0000:000100% 1
T.J. OshieLW/RW2132214016:492:5500:00050% 2
Blues
Player Name POS G A P +/- PIM HIT SHT SB MP PP MP PP SHT PK MP PK SHT FO% FOT
Adam FoxD000-2017324:276:1142:3600% 0
Alex DeBrincatLW/RW1010017018:565:3620:0000% 4
Brendan LemieuxLW/RW000-100105:470:0000:0000% 0
Calvin de HaanD000-2432021:275:4920:5900% 0
Colin BlackwellC000-101208:070:0002:20050% 10
Evan RodriguesC/LW/RW0000000020:466:2402:2000% 1
Mats ZuccarelloRW0000004020:026:2430:0000% 1
Micheal FerlandLW/RW0110000013:200:0000:000100% 1
Mikael GranlundC/LW/RW0110019119:446:2430:00053% 32
Nathan BastianRW000-100015:470:0000:0000% 0
Nick BjugstadC/RW0110013018:145:3620:00047% 19
Radko GudasD0000021016:230:0002:4000% 0
Roman PolakD1011231014:230:0000:0000% 0
Ross ColtonC/LW/RW0000021011:020:0000:0000% 1
Tyler BozakC/RW0000013113:550:0001:53067% 18
Tyson BarrieD0000001022:435:4912:1100% 0
Valeri NichushkinLW/RW0000022020:075:3601:5300% 2
Vince DunnD0001001320:356:1100:0000% 0

Avalanches

5 vs 5 Forward
Line #Left WingCenterRight WingPHYDFOFWanted %Time %Time Play
1T.J. OshieDerek RyanBlake Wheeler0143332%13:55
2Colin WilsonNick FolignoJoel Armia0233232%13:52
3Ryan DonatoJeff CarterMattias Janmark0142526%11:26
4Riley NashCarl SoderbergJustin Williams1221010%4:34
5 vs 5 Defense
Line #DefenseDefensePHYDFOFWanted %Time %Time Play
1Jeff PetryAlex Goligoski0233530%13:12
2Brad HuntErik Gustafsson0323536%15:57
3Jamie OleksiakJohn Moore1311526%11:25
4Jeff PetryAlex Goligoski023157%3:13
Power Play Forward
Line #Left WingCenterRight WingPHYDFOFWanted %Time %Time Play
1T.J. OshieDerek RyanBlake Wheeler0146069%2:55
2Colin WilsonNick FolignoJoel Armia0144031%1:18
Power Play Defense
Line #DefenseDefensePHYDFOFWanted %Time %Time Play
1Jeff PetryAlex Goligoski0146060%2:33
2Brad HuntErik Gustafsson0144040%1:40
Penalty Kill 4 Players Forward
Line #CenterWingPHYDFOFWanted %Time %Time Play
1Derek RyanJoel Armia0415046%5:29
2Carl SoderbergMattias Janmark0415054%6:25
Penalty Kill 4 Players Defense
Line #DefenseDefensePHYDFOFWanted %Time %Time Play
1Jeff PetryAlex Goligoski0415546%5:27
2Brad HuntErik Gustafsson0414554%6:27
Penalty Kill 3 Players
Line #WingPHYDFOFWanted %Time %Time PlayDefenseDefensePHYDFOFWanted %Time %Time Play
1Derek Ryan041500%0:00 Jeff PetryAlex Goligoski04150100%0:06
2Carl Soderberg04150100%0:06 Brad HuntErik Gustafsson041500%0:00
4 vs 4 Forward
Line #CenterWingPHYDFOFWanted %Time %Time Play
1Jeff CarterBlake Wheeler023550%0:00
2Nick FolignoT.J. Oshie023450%0:00
4 vs 4 Defense
Line #DefensePHYDFOFWanted %Time %Time Play
1Jeff PetryAlex Goligoski023600%0:00
2Brad HuntErik Gustafsson023400%0:00
Last Minutes Offensive
Left WingCenterRight WingDefenseDefense
Blake WheelerJeff CarterT.J. OshieJeff PetryAlex Goligoski
Last Minutes Defensive
Left WingCenterRight WingDefenseDefense
Joel ArmiaNick FolignoDerek RyanJeff PetryAlex Goligoski
Time
Total ForwardTotal DefenseLast Minutes OffensiveLast Minutes Defensive
60:00 60:00 0:000:00
Extra Forwards
Normal PowerPlayPenalty Kill
Blake Wheeler, T.J. Oshie, Joel ArmiaBlake Wheeler, T.J. OshieJoel Armia
Extra Defensemen
Normal PowerPlayPenalty Kill
Jeff Petry, Alex Goligoski, Brad HuntJeff Petry, Jeff PetryAlex Goligoski
Penalty Shots
T.J. Oshie, Blake Wheeler, Joel Armia, Jeff Carter, Justin Williams
Goalie
Robin Lehner, Jaroslav Halak
Custom OT Lines Forwards
Blake Wheeler, T.J. Oshie, Jeff Carter, Joel Armia, Nick Foligno, Carl Soderberg, Colin Wilson, Derek Ryan, Ryan Donato, Justin Williams
Custom OT Lines Defensemen
Jeff Petry, Alex Goligoski, Brad Hunt, Erik Gustafsson, John Moore
Scratches
Zach Whitecloud (Healthy), Mark Jankowski (Healthy), Adin Hill (Healthy)

Blues

5 vs 5 Forward
Line #Left WingCenterRight WingPHYDFOFWanted %Time %Time Play
1Micheal FerlandMikael GranlundAlex DeBrincat0233031%13:20
2Valeri NichushkinNick BjugstadMats Zuccarello0233030%12:38
3Ross ColtonTyler BozakEvan Rodrigues0322726%11:02
4Brendan LemieuxColin BlackwellNathan Bastian2121314%5:47
5 vs 5 Defense
Line #DefenseDefensePHYDFOFWanted %Time %Time Play
1Adam FoxCalvin de Haan0323434%14:40
2Tyson BarrieRadko Gudas0323332%13:43
3Vince DunnRoman Polak0323334%14:24
4Adam FoxCalvin de Haan03200%0:00
Power Play Forward
Line #Left WingCenterRight WingPHYDFOFWanted %Time %Time Play
1Evan RodriguesMikael GranlundMats Zuccarello0055053%6:24
2Valeri NichushkinNick BjugstadAlex DeBrincat0055047%5:36
Power Play Defense
Line #DefenseDefensePHYDFOFWanted %Time %Time Play
1Adam FoxVince Dunn0235052%6:11
2Tyson BarrieCalvin de Haan0235048%5:49
Penalty Kill 4 Players Forward
Line #CenterWingPHYDFOFWanted %Time %Time Play
1Colin BlackwellEvan Rodrigues0325055%2:20
2Tyler BozakValeri Nichushkin0325045%1:53
Penalty Kill 4 Players Defense
Line #DefenseDefensePHYDFOFWanted %Time %Time Play
1Radko GudasAdam Fox0325027%1:08
2Calvin de HaanTyson Barrie0325073%3:05
Penalty Kill 3 Players
Line #WingPHYDFOFWanted %Time %Time PlayDefenseDefensePHYDFOFWanted %Time %Time Play
1Evan Rodrigues041500%0:00 Radko GudasAdam Fox032500%0:00
2Tyler Bozak041500%0:00 Calvin de HaanTyson Barrie032500%0:00
4 vs 4 Forward
Line #CenterWingPHYDFOFWanted %Time %Time Play
1Mikael GranlundAlex DeBrincat023500%0:00
2Nick BjugstadValeri Nichushkin023500%0:00
4 vs 4 Defense
Line #DefensePHYDFOFWanted %Time %Time Play
1Adam FoxVince Dunn032500%0:00
2Tyson BarrieRadko Gudas032500%0:00
Last Minutes Offensive
Left WingCenterRight WingDefenseDefense
Alex DeBrincatTyler BozakMats ZuccarelloAdam FoxVince Dunn
Last Minutes Defensive
Left WingCenterRight WingDefenseDefense
Evan RodriguesMikael GranlundValeri NichushkinRadko GudasCalvin de Haan
Time
Total ForwardTotal DefenseLast Minutes OffensiveLast Minutes Defensive
60:00 60:00 1:000:00
Extra Forwards
Normal PowerPlayPenalty Kill
Evan Rodrigues, Ross Colton, Valeri NichushkinMats Zuccarello, Alex DeBrincatColin Blackwell
Extra Defensemen
Normal PowerPlayPenalty Kill
Adam Fox, Tyson Barrie, Radko GudasAdam Fox, Radko GudasCalvin de Haan
Penalty Shots
Alex DeBrincat, Mikael Granlund, Mats Zuccarello, Valeri Nichushkin, Micheal Ferland
Goalie
Thomas Greiss, Pavel Francouz
Custom OT Lines Forwards
Micheal Ferland, Alex DeBrincat, Valeri Nichushkin, Mikael Granlund, Mats Zuccarello, Ross Colton, Colin Blackwell, Nick Bjugstad, Evan Rodrigues, Tyler Bozak
Custom OT Lines Defensemen
Adam Fox, Vince Dunn, Calvin de Haan, Radko Gudas, Tyson Barrie
Scratches
Brett Kulak (Healthy), Michael Del Zotto (Strained Right Knee Injury)


Play-by-Play

1st period


0:01 of 1st period - Mikael Granlund wins face-off versus Derek Ryan in neutral zone.
0:03 of 1st period - Off-side.
0:04 of 1st period - Nick Bjugstad wins face-off versus Nick Foligno in neutral zone.
0:04 of 1st period - Nick Bjugstad is hit by Joel Armia.
0:59 of 1st period - Minor Penalty to Erik Gustafsson for Roughing.
1:00 of 1st period - Carl Soderberg wins face-off versus Mikael Granlund in Avalanches zone.
1:16 of 1st period - Shot by Adam Fox.
1:16 of 1st period - Stopped by Robin Lehner without a rebound.
1:17 of 1st period - Derek Ryan wins face-off versus Nick Bjugstad in Avalanches zone.
2:06 of 1st period - Shot by Vince Dunn.
2:06 of 1st period - Shot Blocked by Brad Hunt.
2:08 of 1st period - Shot by Mikael Granlund.
2:08 of 1st period - Shot Misses the Net.
2:10 of 1st period - Shot by Adam Fox.
2:10 of 1st period - Shot Blocked by Mattias Janmark.
2:12 of 1st period - Shot by Adam Fox.
2:12 of 1st period - Shot Misses the Net.
2:14 of 1st period - Shot by Mikael Granlund.
2:14 of 1st period - Shot Misses the Net.
2:16 of 1st period - Shot by Mats Zuccarello.
2:16 of 1st period - Shot Misses the Net.
2:18 of 1st period - Shot by Adam Fox.
2:18 of 1st period - Shot Misses the Net.
2:20 of 1st period - Shot by Mikael Granlund.
2:20 of 1st period - Deflect By Mats Zuccarello.
2:20 of 1st period - Stopped by Robin Lehner without a rebound.
2:21 of 1st period - Mikael Granlund wins face-off versus Derek Ryan in Avalanches zone.
2:22 of 1st period - Shot by Adam Fox.
2:22 of 1st period - Stopped by Robin Lehner without a rebound.
2:23 of 1st period - Derek Ryan wins face-off versus Mikael Granlund in Avalanches zone.
3:36 of 1st period - Shot by Brendan Lemieux.
3:36 of 1st period - Stopped by Robin Lehner with a rebound.
3:38 of 1st period - Shot by Tyson Barrie.
3:38 of 1st period - Shot Blocked by Jeff Carter.
3:43 of 1st period - Icing by John Moore.
3:44 of 1st period - Mikael Granlund wins face-off versus Jeff Carter in Avalanches zone.
3:44 of 1st period - Alex DeBrincat is hit by Jamie Oleksiak and loses puck.
3:47 of 1st period - Shot by Alex DeBrincat.
3:47 of 1st period - Stopped by Robin Lehner without a rebound.
3:48 of 1st period - Tyler Bozak wins face-off versus Derek Ryan in Avalanches zone.
4:02 of 1st period - Shot by Derek Ryan.
4:02 of 1st period - Deflect By T.J. Oshie.
4:02 of 1st period - Stopped by Thomas Greiss without a rebound.
4:03 of 1st period - Mikael Granlund wins face-off versus Carl Soderberg in Blues zone.
4:39 of 1st period - Icing by Erik Gustafsson.
4:40 of 1st period - Carl Soderberg wins face-off versus Tyler Bozak in Avalanches zone.
5:01 of 1st period - Icing by Vince Dunn.
5:02 of 1st period - Tyler Bozak wins face-off versus Derek Ryan in Blues zone.
5:10 of 1st period - Minor Penalty to Roman Polak for Cross-checking.
5:11 of 1st period - Colin Blackwell wins face-off versus Derek Ryan in Blues zone.
5:11 of 1st period - Colin Blackwell is hit by T.J. Oshie.
5:27 of 1st period - Shot by T.J. Oshie.
5:27 of 1st period - Shot Misses the Net.
5:29 of 1st period - Shot by Jeff Petry.
5:29 of 1st period - Shot Blocked by Tyler Bozak.
5:31 of 1st period - Shot by Derek Ryan.
5:31 of 1st period - Shot Misses the Net.
5:33 of 1st period - Shot by Derek Ryan.
5:33 of 1st period - Stopped by Thomas Greiss without a rebound.
5:34 of 1st period - Nick Foligno wins face-off versus Colin Blackwell in Blues zone.
5:34 of 1st period - Colin Wilson is hit by Radko Gudas and loses puck.
5:55 of 1st period - Shot by Brad Hunt.
5:55 of 1st period - Stopped by Thomas Greiss without a rebound.
5:56 of 1st period - Derek Ryan wins face-off versus Tyler Bozak in Blues zone.
6:38 of 1st period - Blake Wheeler is hit by Colin Blackwell and loses puck.
6:59 of 1st period - Icing by Alex Goligoski.
7:00 of 1st period - Tyler Bozak wins face-off versus Derek Ryan in Avalanches zone.
7:17 of 1st period - Shot by Mikael Granlund.
7:17 of 1st period - Stopped by Robin Lehner with a rebound.
7:19 of 1st period - Shot by Roman Polak.
7:19 of 1st period - Goal by Roman Polak - Avalanches : 0 - Blues : 1.
7:20 of 1st period - Mikael Granlund wins face-off versus Jeff Carter in neutral zone.
7:53 of 1st period - Shot by Jeff Carter.
7:53 of 1st period - Shot Blocked by Vince Dunn.
7:55 of 1st period - Shot by Ryan Donato.
7:55 of 1st period - Shot Hit the Post.
7:57 of 1st period - Shot by Mattias Janmark.
7:57 of 1st period - Shot Blocked by Vince Dunn.
7:59 of 1st period - Shot by Jeff Carter.
7:59 of 1st period - Stopped by Thomas Greiss without a rebound.
8:00 of 1st period - Nick Bjugstad wins face-off versus Nick Foligno in Blues zone.
8:00 of 1st period - Nick Bjugstad is hit by Nick Foligno.
8:05 of 1st period - Calvin de Haan is hit by Nick Foligno and loses puck.
8:20 of 1st period - Shot by Colin Wilson.
8:20 of 1st period - Deflect By Joel Armia.
8:20 of 1st period - Stopped by Thomas Greiss with a rebound.
8:36 of 1st period - Shot by Nick Foligno.
8:36 of 1st period - Stopped by Thomas Greiss without a rebound.
8:37 of 1st period - Derek Ryan wins face-off versus Evan Rodrigues in Blues zone.
8:38 of 1st period - Shot by Blake Wheeler.
8:38 of 1st period - Shot Misses the Net.
8:46 of 1st period - Shot by T.J. Oshie.
8:46 of 1st period - Shot Misses the Net.
8:48 of 1st period - Shot by Blake Wheeler.
8:48 of 1st period - Stopped by Thomas Greiss without a rebound.
8:49 of 1st period - Ryan Donato wins face-off versus Mikael Granlund in Blues zone.
8:55 of 1st period - Mattias Janmark is hit by Roman Polak and loses puck.
9:08 of 1st period - Shot by Alex Goligoski.
9:08 of 1st period - Shot Misses the Net.
9:10 of 1st period - Shot by Mattias Janmark.
9:10 of 1st period - Stopped by Thomas Greiss without a rebound.
9:11 of 1st period - Derek Ryan wins face-off versus Tyler Bozak in Blues zone.
9:16 of 1st period - Shot by T.J. Oshie.
9:16 of 1st period - Deflect By Blake Wheeler.
9:16 of 1st period - Shot Misses the Net.
9:49 of 1st period - Evan Rodrigues is hit by Erik Gustafsson.
9:51 of 1st period - Shot by Adam Fox.
9:51 of 1st period - Stopped by Robin Lehner with a rebound.
10:37 of 1st period - Off-side.
10:38 of 1st period - Jeff Carter wins face-off versus Mikael Granlund in neutral zone.
11:06 of 1st period - Shot by Alex DeBrincat.
11:06 of 1st period - Stopped by Robin Lehner without a rebound.
11:07 of 1st period - Riley Nash wins face-off versus Colin Blackwell in Avalanches zone.
11:21 of 1st period - Carl Soderberg is hit by Calvin de Haan and loses puck.
11:25 of 1st period - Riley Nash is hit by Calvin de Haan.
11:26 of 1st period - Double Minor Penalty to Calvin de Haan for High sticking.
11:27 of 1st period - Tyler Bozak wins face-off versus Derek Ryan in Blues zone.
12:46 of 1st period - Shot by Nick Foligno.
12:46 of 1st period - Stopped by Thomas Greiss with a rebound.
12:48 of 1st period - Shot by Colin Wilson.
12:48 of 1st period - Stopped by Thomas Greiss without a rebound.
12:49 of 1st period - Tyler Bozak wins face-off versus Nick Foligno in Blues zone.
12:58 of 1st period - Shot by Jeff Petry.
12:58 of 1st period - Shot Misses the Net.
13:40 of 1st period - Shot by Blake Wheeler.
13:40 of 1st period - Goal by Blake Wheeler - Avalanches : 1 - Blues : 1.
13:41 of 1st period - Jeff Carter wins face-off versus Mikael Granlund in neutral zone.
13:50 of 1st period - Shot by Jeff Carter.
13:50 of 1st period - Shot Misses the Net.
13:52 of 1st period - Shot by John Moore.
13:52 of 1st period - Shot Misses the Net.
14:04 of 1st period - Shot by Jeff Carter.
14:04 of 1st period - Shot Misses the Net.
14:06 of 1st period - Shot by Jamie Oleksiak.
14:06 of 1st period - Stopped by Thomas Greiss without a rebound.
14:07 of 1st period - Carl Soderberg wins face-off versus Nick Bjugstad in Blues zone.
14:07 of 1st period - Riley Nash is hit by Roman Polak and loses puck.
14:19 of 1st period - Vince Dunn is hit by Carl Soderberg and loses puck.
14:38 of 1st period - Valeri Nichushkin is hit by Carl Soderberg and loses puck.
15:07 of 1st period - Shot by Tyler Bozak.
15:07 of 1st period - Shot Misses the Net.
15:09 of 1st period - Shot by Ross Colton.
15:09 of 1st period - Shot Misses the Net.
15:24 of 1st period - Minor Penalty to Jeff Petry for Hooking.
15:25 of 1st period - Derek Ryan wins face-off versus Mikael Granlund in Avalanches zone.
15:44 of 1st period - Mikael Granlund is hit by Erik Gustafsson and loses puck.
15:53 of 1st period - Shot by Calvin de Haan.
15:53 of 1st period - Stopped by Robin Lehner without a rebound.
15:54 of 1st period - Joel Armia wins face-off versus Alex DeBrincat in Avalanches zone.
16:09 of 1st period - Shot by Nick Bjugstad.
16:09 of 1st period - Shot Misses the Net.
16:19 of 1st period - Shot by Nick Bjugstad.
16:19 of 1st period - Stopped by Robin Lehner without a rebound.
16:20 of 1st period - Derek Ryan wins face-off versus Mikael Granlund in Avalanches zone.
16:20 of 1st period - Derek Ryan is hit by Mikael Granlund.
16:42 of 1st period - Shot by Tyson Barrie.
16:42 of 1st period - Stopped by Robin Lehner with a rebound.
16:52 of 1st period - Shot by Tyson Barrie.
16:52 of 1st period - Shot Misses the Net.
17:13 of 1st period - Icing by Alex DeBrincat.
17:14 of 1st period - Derek Ryan wins face-off versus Nick Bjugstad in Blues zone.
17:35 of 1st period - Shot by Ryan Donato.
17:35 of 1st period - Stopped by Thomas Greiss without a rebound.
17:36 of 1st period - Derek Ryan wins face-off versus Mikael Granlund in Blues zone.
17:53 of 1st period - Shot by Mikael Granlund.
17:53 of 1st period - Stopped by Robin Lehner without a rebound.
17:54 of 1st period - Colin Blackwell wins face-off versus Nick Foligno in Avalanches zone.
17:54 of 1st period - Tyson Barrie is hit by Jeff Petry.
17:58 of 1st period - Shot by Colin Blackwell.
17:58 of 1st period - Stopped by Robin Lehner with a rebound.
18:05 of 1st period - Minor Penalty to Nick Foligno for Hooking.
18:06 of 1st period - Nick Bjugstad wins face-off versus Carl Soderberg in Avalanches zone.
18:07 of 1st period - Shot by Alex DeBrincat.
18:07 of 1st period - Stopped by Robin Lehner without a rebound.
18:08 of 1st period - Carl Soderberg wins face-off versus Nick Bjugstad in Avalanches zone.
18:08 of 1st period - Carl Soderberg is hit by Nick Bjugstad.
19:23 of 1st period - Shot by Adam Fox.
19:23 of 1st period - Shot Blocked by Brad Hunt.
19:49 of 1st period - Icing by Mats Zuccarello.
19:50 of 1st period - Derek Ryan wins face-off versus Mikael Granlund in Blues zone.
Goals for this period are 1 for Avalanches vs 1 for Blues.
Shots for this period are 13 for Avalanches vs 15 for Blues.

2nd period


0:01 of 2nd period - Carl Soderberg wins face-off versus Valeri Nichushkin in neutral zone.
1:39 of 2nd period - Shot by Nick Bjugstad.
1:39 of 2nd period - Shot Blocked by Jeff Petry.
1:41 of 2nd period - Shot by Nick Bjugstad.
1:41 of 2nd period - Shot Misses the Net.
1:48 of 2nd period - Icing by Alex Goligoski.
1:49 of 2nd period - Mikael Granlund wins face-off versus Nick Foligno in Avalanches zone.
2:07 of 2nd period - Shot by Vince Dunn.
2:07 of 2nd period - Stopped by Robin Lehner without a rebound.
2:08 of 2nd period - Colin Blackwell wins face-off versus Jeff Carter in Avalanches zone.
2:21 of 2nd period - Tyson Barrie is hit by Jeff Carter and loses puck.
2:35 of 2nd period - Mattias Janmark is hit by Radko Gudas and loses puck.
3:02 of 2nd period - Adam Fox is hit by Ryan Donato and loses puck.
3:15 of 2nd period - Shot by Mikael Granlund.
3:15 of 2nd period - Stopped by Robin Lehner with a rebound.
3:17 of 2nd period - Shot by Alex DeBrincat.
3:17 of 2nd period - Shot Misses the Net.
3:19 of 2nd period - Shot by Calvin de Haan.
3:19 of 2nd period - Shot Misses the Net.
3:21 of 2nd period - Shot by Mikael Granlund.
3:21 of 2nd period - Shot Blocked by Mattias Janmark.
4:06 of 2nd period - Shot by Nick Bjugstad.
4:06 of 2nd period - Stopped by Robin Lehner without a rebound.
4:07 of 2nd period - Nick Foligno wins face-off versus Ross Colton in Avalanches zone.
4:30 of 2nd period - Shot by Tyler Bozak.
4:30 of 2nd period - Stopped by Robin Lehner without a rebound.
4:31 of 2nd period - Derek Ryan wins face-off versus Nick Bjugstad in Avalanches zone.
4:44 of 2nd period - Vince Dunn is hit by Blake Wheeler and loses puck.
5:36 of 2nd period - Off-side.
5:37 of 2nd period - Carl Soderberg wins face-off versus Tyler Bozak in neutral zone.
5:41 of 2nd period - Off-side.
5:42 of 2nd period - Nick Foligno wins face-off versus Tyler Bozak in neutral zone.
5:59 of 2nd period - Shot by Colin Wilson.
5:59 of 2nd period - Stopped by Thomas Greiss without a rebound.
6:00 of 2nd period - Mikael Granlund wins face-off versus Carl Soderberg in Blues zone.
6:09 of 2nd period - Shot by Alex DeBrincat.
6:09 of 2nd period - Deflect By Mikael Granlund.
6:09 of 2nd period - Stopped by Robin Lehner without a rebound.
6:10 of 2nd period - Tyler Bozak wins face-off versus Nick Foligno in Avalanches zone.
6:48 of 2nd period - Shot by Tyler Bozak.
6:48 of 2nd period - Shot Hit the Post.
7:30 of 2nd period - Shot by Blake Wheeler.
7:30 of 2nd period - Stopped by Thomas Greiss without a rebound.
7:31 of 2nd period - Jeff Carter wins face-off versus Mats Zuccarello in Blues zone.
8:13 of 2nd period - Shot by Nick Bjugstad.
8:13 of 2nd period - Shot Misses the Net.
8:36 of 2nd period - Mats Zuccarello is hit by Brad Hunt and loses puck.
8:56 of 2nd period - Alex DeBrincat is hit by Erik Gustafsson and loses puck.
9:07 of 2nd period - Shot by Adam Fox.
9:07 of 2nd period - Shot Misses the Net.
9:12 of 2nd period - Alex DeBrincat is hit by Brad Hunt and loses puck.
9:15 of 2nd period - Shot by Mikael Granlund.
9:15 of 2nd period - Shot Blocked by Brad Hunt.
9:17 of 2nd period - Shot by Calvin de Haan.
9:17 of 2nd period - Shot Blocked by Brad Hunt.
9:22 of 2nd period - Minor Penalty to Erik Gustafsson for Hooking.
9:23 of 2nd period - Mikael Granlund wins face-off versus Carl Soderberg in Avalanches zone.
9:28 of 2nd period - Shot by Mats Zuccarello.
9:28 of 2nd period - Stopped by Robin Lehner without a rebound.
9:29 of 2nd period - Mikael Granlund wins face-off versus Carl Soderberg in Avalanches zone.
9:32 of 2nd period - Shot by Mats Zuccarello.
9:32 of 2nd period - Stopped by Robin Lehner without a rebound.
9:33 of 2nd period - Nick Bjugstad wins face-off versus Carl Soderberg in Avalanches zone.
9:34 of 2nd period - Shot by Alex DeBrincat.
9:34 of 2nd period - Goal by Alex DeBrincat - Avalanches : 1 - Blues : 2.
9:35 of 2nd period - Tyler Bozak wins face-off versus Nick Foligno in neutral zone.
9:40 of 2nd period - Shot by Tyler Bozak.
9:40 of 2nd period - Deflect By Ross Colton.
9:40 of 2nd period - Stopped by Robin Lehner with a rebound.
10:16 of 2nd period - Shot by Radko Gudas.
10:16 of 2nd period - Stopped by Robin Lehner without a rebound.
10:17 of 2nd period - Derek Ryan wins face-off versus Alex DeBrincat in Avalanches zone.
10:24 of 2nd period - Shot by Blake Wheeler.
10:24 of 2nd period - Deflect By T.J. Oshie.
10:24 of 2nd period - Goal by T.J. Oshie - Avalanches : 2 - Blues : 2.
10:25 of 2nd period - T.J. Oshie wins face-off versus Nick Bjugstad in neutral zone.
10:42 of 2nd period - Icing by Brad Hunt.
10:43 of 2nd period - Mikael Granlund wins face-off versus Derek Ryan in Avalanches zone.
10:48 of 2nd period - Shot by Alex DeBrincat.
10:48 of 2nd period - Shot Misses the Net.
10:50 of 2nd period - Shot by Alex DeBrincat.
10:50 of 2nd period - Stopped by Robin Lehner without a rebound.
10:51 of 2nd period - Nick Foligno wins face-off versus Mikael Granlund in Avalanches zone.
11:44 of 2nd period - Mikael Granlund is hit by Erik Gustafsson and loses puck.
12:01 of 2nd period - Shot by Derek Ryan.
12:01 of 2nd period - Shot Blocked by Adam Fox.
12:10 of 2nd period - Valeri Nichushkin is hit by Erik Gustafsson and loses puck.
12:27 of 2nd period - Shot by Mats Zuccarello.
12:27 of 2nd period - Stopped by Robin Lehner with a rebound.
12:30 of 2nd period - Nick Bjugstad is hit by Erik Gustafsson and loses puck.
12:57 of 2nd period - Jeff Carter is hit by Ross Colton and loses puck.
13:07 of 2nd period - Off-side.
13:08 of 2nd period - Carl Soderberg wins face-off versus Colin Blackwell in neutral zone.
13:21 of 2nd period - Shot by Riley Nash.
13:21 of 2nd period - Stopped by Thomas Greiss without a rebound.
13:22 of 2nd period - Nick Foligno wins face-off versus Mikael Granlund in Blues zone.
13:25 of 2nd period - Shot by Nick Foligno.
13:25 of 2nd period - Stopped by Thomas Greiss without a rebound.
13:26 of 2nd period - Tyler Bozak wins face-off versus Nick Foligno in Blues zone.
13:26 of 2nd period - Tyler Bozak is hit by Nick Foligno.
13:38 of 2nd period - Shot by Tyler Bozak.
13:38 of 2nd period - Shot Blocked by Alex Goligoski.
13:41 of 2nd period - Ross Colton is hit by Jeff Petry and loses puck.
13:56 of 2nd period - Shot by Tyler Bozak.
13:56 of 2nd period - Shot Misses the Net.
14:24 of 2nd period - Minor Penalty to T.J. Oshie for Interference.
14:25 of 2nd period - Nick Bjugstad wins face-off versus Carl Soderberg in Avalanches zone.
14:33 of 2nd period - Icing by Adam Fox.
14:34 of 2nd period - Carl Soderberg wins face-off versus Valeri Nichushkin in Blues zone.
14:34 of 2nd period - Mattias Janmark is hit by Adam Fox and loses puck.
15:05 of 2nd period - Shot by Adam Fox.
15:05 of 2nd period - Stopped by Robin Lehner without a rebound.
15:06 of 2nd period - Derek Ryan wins face-off versus Mikael Granlund in Avalanches zone.
15:35 of 2nd period - Shot by Tyson Barrie.
15:35 of 2nd period - Shot Blocked by Alex Goligoski.
15:37 of 2nd period - Shot by Mikael Granlund.
15:37 of 2nd period - Shot Misses the Net.
16:06 of 2nd period - Off-side.
16:07 of 2nd period - Nick Bjugstad wins face-off versus Carl Soderberg in neutral zone.
16:24 of 2nd period - Shot by Alex DeBrincat.
16:24 of 2nd period - Stopped by Robin Lehner without a rebound.
16:25 of 2nd period - Jeff Carter wins face-off versus Colin Blackwell in Avalanches zone.
16:54 of 2nd period - Shot by Ryan Donato.
16:54 of 2nd period - Stopped by Thomas Greiss without a rebound.
16:55 of 2nd period - Mikael Granlund wins face-off versus Derek Ryan in Blues zone.
17:16 of 2nd period - Shot by Mikael Granlund.
17:16 of 2nd period - Shot Misses the Net.
17:18 of 2nd period - Shot by Alex DeBrincat.
17:18 of 2nd period - Shot Misses the Net.
17:23 of 2nd period - Icing by Blake Wheeler.
17:24 of 2nd period - Derek Ryan wins face-off versus Nick Bjugstad in Avalanches zone.
17:24 of 2nd period - Derek Ryan is hit by Valeri Nichushkin.
17:33 of 2nd period - Blake Wheeler is hit by Calvin de Haan and loses puck.
17:46 of 2nd period - Alex Goligoski is hit by Valeri Nichushkin and loses puck.
17:50 of 2nd period - Icing by Alex Goligoski.
17:51 of 2nd period - Mikael Granlund wins face-off versus Derek Ryan in Avalanches zone.
17:52 of 2nd period - Shot by Alex DeBrincat.
17:52 of 2nd period - Shot Blocked by Jeff Petry.
17:56 of 2nd period - Shot by Mikael Granlund.
17:56 of 2nd period - Stopped by Robin Lehner without a rebound.
17:57 of 2nd period - Mikael Granlund wins face-off versus Nick Foligno in Avalanches zone.
18:27 of 2nd period - Mikael Granlund is hit by Erik Gustafsson and loses puck.
Goals for this period are 1 for Avalanches vs 1 for Blues.
Shots for this period are 6 for Avalanches vs 15 for Blues.

3rd period


0:01 of 3rd period - Tyler Bozak wins face-off versus T.J. Oshie in neutral zone.
0:04 of 3rd period - Derek Ryan is hit by Tyler Bozak and loses puck.
0:12 of 3rd period - Off-side.
0:13 of 3rd period - Nick Bjugstad wins face-off versus Nick Foligno in neutral zone.
1:04 of 3rd period - Icing by Nick Foligno.
1:05 of 3rd period - Tyler Bozak wins face-off versus Nick Foligno in Avalanches zone.
1:08 of 3rd period - Shot by Tyler Bozak.
1:08 of 3rd period - Shot Misses the Net.
1:24 of 3rd period - Shot by Ross Colton.
1:24 of 3rd period - Deflect By Tyler Bozak.
1:24 of 3rd period - Stopped by Robin Lehner without a rebound.
1:25 of 3rd period - Mikael Granlund wins face-off versus Derek Ryan in Avalanches zone.
1:26 of 3rd period - Shot by Alex DeBrincat.
1:26 of 3rd period - Stopped by Robin Lehner without a rebound.
1:27 of 3rd period - Derek Ryan wins face-off versus Mikael Granlund in Avalanches zone.
1:58 of 3rd period - Shot by Mikael Granlund.
1:58 of 3rd period - Stopped by Robin Lehner without a rebound.
1:59 of 3rd period - Jeff Carter wins face-off versus Tyler Bozak in Avalanches zone.
2:09 of 3rd period - Shot by Tyler Bozak.
2:09 of 3rd period - Shot Misses the Net.
2:11 of 3rd period - Shot by Tyler Bozak.
2:11 of 3rd period - Shot Misses the Net.
2:13 of 3rd period - Shot by Tyler Bozak.
2:13 of 3rd period - Shot Misses the Net.
2:15 of 3rd period - Shot by Ross Colton.
2:15 of 3rd period - Shot Misses the Net.
3:01 of 3rd period - Shot by Mats Zuccarello.
3:01 of 3rd period - Shot Misses the Net.
3:03 of 3rd period - Shot by Nick Bjugstad.
3:03 of 3rd period - Shot Misses the Net.
3:05 of 3rd period - Shot by Adam Fox.
3:05 of 3rd period - Stopped by Robin Lehner with a rebound.
3:25 of 3rd period - Shot by Valeri Nichushkin.
3:25 of 3rd period - Stopped by Robin Lehner without a rebound.
3:26 of 3rd period - Micheal Ferland wins face-off versus Derek Ryan in Avalanches zone.
4:37 of 3rd period - Alex Goligoski is hit by Ross Colton and loses puck.
5:54 of 3rd period - Shot by Mats Zuccarello.
5:54 of 3rd period - Shot Misses the Net.
5:56 of 3rd period - Shot by Adam Fox.
5:56 of 3rd period - Stopped by Robin Lehner without a rebound.
5:57 of 3rd period - Justin Williams wins face-off versus Colin Blackwell in Avalanches zone.
8:16 of 3rd period - Off-side.
8:17 of 3rd period - Tyler Bozak wins face-off versus Riley Nash in neutral zone.
8:44 of 3rd period - Shot by Tyler Bozak.
8:44 of 3rd period - Stopped by Robin Lehner without a rebound.
8:45 of 3rd period - Colin Blackwell wins face-off versus Jeff Carter in Avalanches zone.
9:28 of 3rd period - Shot by Colin Blackwell.
9:28 of 3rd period - Stopped by Robin Lehner without a rebound.
9:29 of 3rd period - Mikael Granlund wins face-off versus Derek Ryan in Avalanches zone.
9:51 of 3rd period - Minor Penalty to Jamie Oleksiak for Delaying the game.
9:52 of 3rd period - Derek Ryan wins face-off versus Nick Bjugstad in Avalanches zone.
9:52 of 3rd period - Derek Ryan is hit by Alex DeBrincat.
10:09 of 3rd period - Off-side.
10:10 of 3rd period - Derek Ryan wins face-off versus Mikael Granlund in neutral zone.
10:18 of 3rd period - Vince Dunn is hit by Jeff Petry and loses puck.
10:39 of 3rd period - Shot by Adam Fox.
10:39 of 3rd period - Shot Misses the Net.
10:49 of 3rd period - Shot by Adam Fox.
10:49 of 3rd period - Stopped by Robin Lehner without a rebound.
10:50 of 3rd period - Mattias Janmark wins face-off versus Nick Bjugstad in Avalanches zone.
11:08 of 3rd period - Calvin de Haan is hit by Alex Goligoski.
11:14 of 3rd period - Shot by Tyson Barrie.
11:14 of 3rd period - Shot Blocked by Jeff Petry.
11:18 of 3rd period - Shot by Calvin de Haan.
11:18 of 3rd period - Shot Blocked by Alex Goligoski.
11:20 of 3rd period - Shot by Nick Bjugstad.
11:20 of 3rd period - Stopped by Robin Lehner without a rebound.
11:21 of 3rd period - Mikael Granlund wins face-off versus Derek Ryan in Avalanches zone.
11:42 of 3rd period - Shot by Mikael Granlund.
11:42 of 3rd period - Stopped by Robin Lehner with a rebound.
11:44 of 3rd period - Shot by Mikael Granlund.
11:44 of 3rd period - Stopped by Robin Lehner without a rebound.
11:44 of 3rd period - Minor Penalty to Erik Gustafsson for Hooking.
11:45 of 3rd period - Nick Bjugstad wins face-off versus Carl Soderberg in Avalanches zone.
11:53 of 3rd period - Shot by Calvin de Haan.
11:53 of 3rd period - Stopped by Robin Lehner without a rebound.
11:54 of 3rd period - Derek Ryan wins face-off versus Alex DeBrincat in Avalanches zone.
13:03 of 3rd period - Shot by Mikael Granlund.
13:03 of 3rd period - Stopped by Robin Lehner without a rebound.
13:04 of 3rd period - Carl Soderberg wins face-off versus Mikael Granlund in Avalanches zone.
14:01 of 3rd period - Shot by Derek Ryan.
14:01 of 3rd period - Stopped by Thomas Greiss without a rebound.
14:02 of 3rd period - Nick Foligno wins face-off versus Alex DeBrincat in Blues zone.
14:05 of 3rd period - Shot by Joel Armia.
14:05 of 3rd period - Shot Blocked by Mikael Granlund.
14:27 of 3rd period - Shot by Alex DeBrincat.
14:27 of 3rd period - Shot Misses the Net.
15:11 of 3rd period - Shot by Blake Wheeler.
15:11 of 3rd period - Shot Blocked by Adam Fox.
15:13 of 3rd period - Shot by Derek Ryan.
15:13 of 3rd period - Shot Blocked by Nathan Bastian.
15:15 of 3rd period - Shot by T.J. Oshie.
15:15 of 3rd period - Shot Blocked by Adam Fox.
15:17 of 3rd period - Shot by Derek Ryan.
15:17 of 3rd period - Shot Misses the Net.
15:21 of 3rd period - Shot by T.J. Oshie.
15:21 of 3rd period - Goal by T.J. Oshie - Avalanches : 3 - Blues : 2.
15:22 of 3rd period - Jeff Carter wins face-off versus Nick Bjugstad in neutral zone.
15:40 of 3rd period - Mats Zuccarello is hit by Erik Gustafsson.
15:59 of 3rd period - Shot by Nick Bjugstad.
15:59 of 3rd period - Shot Misses the Net.
16:34 of 3rd period - Shot by T.J. Oshie.
16:34 of 3rd period - Stopped by Thomas Greiss without a rebound.
16:35 of 3rd period - Colin Blackwell wins face-off versus Carl Soderberg in Blues zone.
16:37 of 3rd period - Brendan Lemieux is hit by Riley Nash and loses puck.
16:53 of 3rd period - Off-side.
16:54 of 3rd period - Tyler Bozak wins face-off versus Nick Foligno in neutral zone.
17:53 of 3rd period - Icing by Roman Polak.
17:54 of 3rd period - Nick Bjugstad wins face-off versus Derek Ryan in Blues zone.
18:01 of 3rd period - Shot by Valeri Nichushkin.
18:01 of 3rd period - Stopped by Robin Lehner without a rebound.
18:02 of 3rd period - Mikael Granlund wins face-off versus Derek Ryan in Avalanches zone.
18:05 of 3rd period - Shot by Alex DeBrincat.
18:05 of 3rd period - Deflect By Mikael Granlund.
18:05 of 3rd period - Shot Misses the Net.
18:14 of 3rd period - Derek Ryan is hit by Roman Polak and loses puck.
18:27 of 3rd period - Shot by T.J. Oshie.
18:27 of 3rd period - Shot Blocked by Vince Dunn.
18:29 of 3rd period - Shot by Jeff Petry.
18:29 of 3rd period - Shot Misses the Net.
19:24 of 3rd period - Tyson Barrie is hit by Erik Gustafsson and loses puck.
19:27 of 3rd period - Blues, Thomas Greiss is pulled from the net.
19:57 of 3rd period - Shot by Mats Zuccarello.
19:57 of 3rd period - Shot Misses the Net.
19:59 of 3rd period - Shot by Adam Fox.
19:59 of 3rd period - Shot Misses the Net.
Goals for this period are 1 for Avalanches vs 0 for Blues.
Shots for this period are 3 for Avalanches vs 15 for Blues.